 Dungeon Crawl Stone Soup version 0.26.0-16-gc1dbca0489 (webtiles) character file.

Game seed: 11373304738384524091

212 thiole the Sneak (level 5, 0/46 HPs)
             Began as an Octopode Hedge Wizard on Jan 22, 2021.
             Succumbed to an adder's poison
             ... on level 3 of the Dungeon.
             The game lasted 00:05:41 (4059 turns).

thiole the Sneak (Octopode Hedge Wizard)            Turns: 4059, Time: 00:05:42

Health: 0/46       AC: 22    Str:  8 (9)  XL:     5   Next: 90%
Magic:  8/10       EV:  2    Int: 16 (18) God:
Gold:   140        SH:  5    Dex: 10 (11) Spells: 3/11 levels left

rFire    x . .     SeeInvis .   h - +1 flail (vorpal)
rCold    + . .     Faith    .   j - +1 buckler
rNeg     + + +     Spirit   .   (helmet currently unavailable)
rPois    +         Reflect  .   (no amulet)
rElec    .         Harm     .   n - ring of ice
rCorr    .         Rampage  .   (no ring)
Will     .....     NoTele   +   (no ring)
Stlth    ++........             (no ring)
HPRegen  0.15/turn              (no ring)
MPRegen  0.12/turn              (no ring)
                                (no ring)
                                (no ring)

@: brilliant, lethally poisoned (0 -> -8), tree-form, very slightly
contaminated, invisible
A: almost no armour, stealthy swim, (amphibious), 8 rings, (constrict 8)
a: no special abilities


You were on level 3 of the Dungeon.
You were a tree.
You visited 1 branch of the dungeon, and saw 3 of its levels.

You collected 140 gold pieces.

Inventory:

Hand Weapons
 a - a +0 dagger
 h - a +1 vorpal flail (weapon)
Armour
 b - a +0 hat (melded)
 j - a +1 buckler (worn)
Jewellery
 n - a ring of ice (left branch)
Scrolls
 c - a scroll of fear
 e - a scroll of remove curse
 g - 2 scrolls of enchant armour
 i - a scroll of fog {unknown}
 k - a scroll of amnesia {unknown}
 o - 3 scrolls of identify
Potions
 f - 2 potions of degeneration


   Skills:
 - Level 2.0 Dodging
 + Level 4.2 Stealth
 * Level 2.2 Shields
 + Level 3.6 Spellcasting
 - Level 2.0 Conjurations
 - Level 2.0 Summonings
 - Level 1.0 Translocations
 * Level 2.3 Air Magic


You had 3 spell levels left.
You knew the following spells:

 Your Spells              Type           Power        Failure   Level
a - Magic Dart            Conj           52%          10%         1
b - Call Imp              Summ           13%          14%         2
c - Slow                  Hex            4%           32%         2
d - Mephitic Cloud        Conj/Pois/Air  11%          34%         3

Your spell library contained the following spells:

 Spells                   Type           Power        Failure   Level
 Blink                    Tloc           N/A          22%         2
 Conjure Flame            Conj/Fire      9%           41%         3


Dungeon Overview and Level Annotations

Branches:
Dungeon (3/15)

Altars:
Trog


Innate Abilities, Weirdness & Mutations

You cannot wear most types of armour.
You are very stealthy in the water. (Stealth+)
((You are amphibious.))
You can wear up to eight rings at the same time.
((You can use your tentacles to constrict eight enemies at once.))
((Your skin changes colour to match your surroundings (Stealth+).))
((Your rubbery body absorbs attacks. (AC +1, EV +1)))


Message History

* * * LOW HITPOINT WARNING * * *
You feel sick.
It was a potion of invisibility.
You fade into invisibility!
* * * LOW HITPOINT WARNING * * *
You feel sick.
You are very lightly contaminated with residual magic.
As you read the scroll labelled URUAZE ZISEKLORONY, it crumbles to dust.
It is a scroll of enchant armour.
Your +0 buckler glows green for a moment.
* * * LOW HITPOINT WARNING * * *
You feel sick.
As you read the scroll labelled QENOR RIEM, it crumbles to dust.
It is a scroll of identify.
c - a scroll of fear
* * * LOW HITPOINT WARNING * * *
You feel sick.
As you read the scroll labelled GAIJAFO KEMMY, it crumbles to dust.
You feel a strange sense of stasis.
It was a scroll of teleportation.
You die...

.... .....# ...
.... ....# ....
.... [
....##.... ....
..####.........
....
.............
....
...........
....
#####.†.......
.... #..#
#♣....... ...#
#..###........
...
#..<..........
..
#.####........
.
#.............
.
#.##..........
.
#.####.....#..
#.#......###..
#.#.######


There were no monsters in sight!

Vanquished Creatures
  An orc priest (D:3)
  Terence (D:2)
  An iguana (D:2)
  4 adders
  An ooze (D:2)
  5 worms (D:2)
  2 leopard geckos
  3 orcs (D:3)
  6 bats
  8 giant cockroaches
  4 goblins
  6 hobgoblins
  7 jackals (D:1)
  A quokka (D:3)
  A ball python (D:1)
  4 frilled lizards
  5 kobolds
  8 rats
68 creatures vanquished.

Vanquished Creatures (collateral kills)
  A gnoll (D:1)
1 creature vanquished.

Grand Total: 69 creatures vanquished

Notes
Turn   | Place    | Note
-------+----------+-------------------------------------------
     0 | D:1      | thiole the Octopode Hedge Wizard began the quest for the
                  | Orb.
     0 | D:1      | Reached XP level 1. HP: 11/11 MP: 4/4
   535 | D:1      | Reached XP level 2. HP: 10/17 MP: 4/6
   773 | D:1      | Reached skill level 3 in Stealth
  1180 | D:1      | Reached XP level 3. HP: 21/21 MP: 3/7
  1247 | D:1      | Learned a level 2 spell: Call Imp
  1250 | D:1      | Learned a level 2 spell: Slow
  1254 | D:1      | Learned a level 3 spell: Mephitic Cloud
  2107 | D:2      | Noticed Terence
  2213 | D:2      | Reached skill level 1 in Shields
  2213 | D:2      | Reached skill level 1 in Air Magic
  2213 | D:2      | Reached XP level 4. HP: 25/27 MP: 2/9
  2291 | D:2      | Killed Terence
  2576 | D:2      | Noticed a moth of wrath
  2579 | D:2      | Found a bloodstained altar of Trog.
  2594 | D:2      | Reached XP level 5. HP: 13/31 MP: 10/10
  3447 | D:3      | Reached skill level 4 in Stealth
  4056 | D:3      | HP: 2/46 [poisoned by an adder]
  4059 | D:3      | Succumbed to an adder's poison

Illustrated notes

Levels and vault maps discovered:
D:1:      dpeg_arrival_lava_altar, layout_basic
D:2:      minmay_diamond_boxcup, layout_loops_cross, tgw_trog, uniq_terence
D:3:      layout_rooms, chequers_ecumenical_altar_lobes, grunt_ministairs_4,
          supply_closet_lemuel

Skill      XL: |  1  2  3  4  5 |
---------------+----------------+-----
Stealth        | 3 4 |  4.2
Conjurations   | 2 |  2.0
Summonings     | 2 |  2.0
Shields        | 1 2 |  2.2
Air Magic      | 1 2 |  2.3
Dodging        | |  2.0
Spellcasting   | |  3.6
Translocations | |  1.0

Action                   |  1- 3 |  4- 6 || total
-------------------------+-------+-------++-------
Melee: Dagger            |    36 |       ||    36
       Constrict         |    16 |    13 ||    29
       Tentacles         |     8 |     7 ||    15
       Flail             |    19 |    64 ||    83
 Cast: Magic Dart        |    62 |    53 ||   115
       Call Imp          |     2 |       ||     2
  Use: Potion            |       |     8 ||     8
       Scroll            |       |     4 ||     4
Armor: Skin              |     2 |    24 ||    26
Dodge: Dodged            |    39 |    18 ||    57
Block: Buckler           |     5 |    12 ||    17
